 Dungeon Crawl Stone Soup version 0.32-a0-290-g598725c5f2 (webtiles) character file.

Game seed: 1064868700289789865

90 Dittersdorf the Trooper (level 4, -8/29 HPs)
             Began as a Gargoyle Fighter on Feb 13, 2024.
             Mangled by a gnoll
             ... wielding a +0 halberd
              (13 damage)
             ... on level 2 of the Dungeon.
             The game lasted 00:01:03 (880 turns).

Dittersdorf the Trooper (Gargoyle Fighter)           Turns: 880, Time: 00:01:04

Health: -8/29      AC: 13    Str: 21    XL:     4   Next: 56%
Magic:  4/4        EV:  8    Int:  9    God:
Gold:   117        SH:  4    Dex:  9    Spells: 3/3 levels left

rFire   . . .        a - +0 flail
rCold   . . .        c - +0 buckler
rNeg    + . .        k - +0 chain mail
rPois   ∞            (no helmet)
rElec   +            (no cloak)
rCorr   .            (no gloves)
SInv    .            (no boots)
Will    .....        (no amulet) Stlth
                     (no ring)
HPRegen 0.24/turn    (no ring)
MPRegen 0.09/turn

%: no passive effects
@: no status effects
A: sickness immunity, AC +3, negative energy resistance 1, electricity
resistance, torment resistance 1, petrification resistance
a: no special abilities


You were on level 2 of the Dungeon.
You visited 1 branch of the dungeon, and saw 2 of its levels.

You collected 117 gold pieces.

Inventory:

Hand Weapons
 a - a +0 flail (weapon)
Armour
 c - a +0 buckler (worn)
 k - a +0 chain mail (worn)
Scrolls
 b - a scroll of enchant armour {unknown}
 e - 2 scrolls of identify {unknown}
 f - 2 scrolls of fear {unknown}
 i - a scroll of amnesia {unknown}
 j - a scroll of noise {unknown}
Potions
 d - a potion of might
 g - a potion of mutation {unknown}
 h - a potion of degeneration {unknown}


   Skills:
 + Level 4.0 Fighting
 + Level 2.9 Maces & Flails
 + Level 4.0 Armour
 + Level 4.0 Shields


You had 3 spell levels left.
You didn't know any spells.
Your spell library contained the following spells:

 Spells                   Type           Power      Damage    Failure   Level
 Magic Dart               Conj           0%         1d3       98%         1
 Blink                    Tloc           0%         N/A       99%         2
 Call Imp                 Summ           0%         N/A       99%         2
 Volatile Blastmotes      Fire/Tloc      0%         2d10      100%        3
 Fulminant Prism          Conj/Alch      0%         3d5       100%        4
 Ignite Poison            Fire/Alch      0%         N/A       100%        4
 Iskenderun's Mystic Bla  Conj/Tloc      0%         2d3       100%        4
 Sticky Flame             Fire/Alch      0%         2d4       100%        4
 Ignition                 Fire           0%         3d3       100%        8


Dungeon Overview and Level Annotations

Branches:
Dungeon (2/15)

Altars:


Innate Abilities, Weirdness & Mutations

You are immune to sickness and miasma.
Your stone body is resilient. (AC +3)
You are immune to poison.
You resist negative energy. (rN+)
You are resistant to electric shocks. (rElec)
You are resistant to unholy torment.
You are immune to petrification.


Message History

The gnoll barely misses you.
The gnoll hits you from afar with a +0 spear.
The gnoll barely misses you. You block the gnoll's attack.
The gnoll barely misses you. The gnoll hits you with a +0 whip.
You closely miss the gnoll.
The gnoll is lightly wounded.
The gnoll closely misses you.
The gnoll hits you but does no damage. x2
You hit the gnoll.
The gnoll is moderately wounded.
The gnoll hits you with a +0 whip.
The gnoll hits you from afar with a +0 spear.
The gnoll hits you with a +0 halberd.
You are too injured to fight recklessly!
You are too injured to fight recklessly!
You are too injured to fight recklessly!
You are too injured to fight recklessly!
You are too injured to fight recklessly!
You are too injured to fight recklessly!
You are too injured to fight recklessly!
You are too injured to fight recklessly!
You are too injured to fight recklessly!
You are too injured to fight recklessly!
You are too injured to fight recklessly!
You are too injured to fight recklessly!
You are too injured to fight recklessly!
You are too injured to fight recklessly!
You are too injured to fight recklessly!
You are too injured to fight recklessly!
You are too injured to fight recklessly!
You are too injured to fight recklessly!
You are too injured to fight recklessly!
The gnoll attacks as it pursues you! The gnoll closely misses you.
The gnoll hits you from afar with a +0 halberd!
* * * LOW HITPOINT WARNING * * *
You hit the gnoll but do no damage. You block the gnoll's attack.
The gnoll closely misses you. The gnoll barely misses you.
The gnoll misses you. The gnoll hits you but does no damage.
You completely miss the gnoll. The gnoll hits you but does no damage.
The gnoll hits you from afar with a +0 halberd!
You die...

#.# #.# ######.## ........# .#.
######..# # ... #..#
####.#######..# #..# #gg......
....# #..# #g# #.#.#
#..########@# ######.#.#
#...........# #........#
#######.#############.#......####
.....##.####..........##.#.......
####.##......###########.#.#.####
........###..# #.#.#.# #....##.#
#..# #.#.#.#### #.#####.# #.##
#.#.#†.... #.# #.# #.# #.#.#.##.#


You could see 3 gnolls.

Vanquished Creatures
  A gnoll (D:2)
  2 adders (D:1)
  2 dart slugs (D:1)
  3 endoplasms (D:1)
  A giant cockroach (D:1)
  A goblin (D:1)
  3 hobgoblins
  7 jackals
  4 kobolds (D:1)
  A ball python (D:1)
  4 bats
  2 frilled lizards (D:1)
  2 rats
33 creatures vanquished.

Notes
Turn   | Place    | Note
-------+----------+-------------------------------------------
     0 | D:1      | Dittersdorf the Gargoyle Fighter began the quest for the
                  | Orb.
     0 | D:1      | Reached XP level 1. HP: 14/14 MP: 1/1
    80 | D:1      | Reached XP level 2. HP: 19/19 MP: 2/2
   253 | D:1      | Reached XP level 3. HP: 23/23 MP: 3/3
   595 | D:1      | Reached XP level 4. HP: 19/29 MP: 4/4
   880 | D:2      | Mangled by a gnoll

Illustrated notes

Levels and vault maps discovered:
D:1:      minmay_arrival_loop, layout_rooms
D:2:      layout_loops_ring, serial_glass, glass_columns_c, glass_columns_c,
          glass_columns_b, glass_columns_a

Skill      XL: |  1  2  3  4 |
---------------+-------------+-----
Fighting       | 4 |  4.0
Armour         | 4 |  4.0
Shields        | 4 |  4.0
Maces & Flails | |  2.9

Action                     |  1- 3 |  4- 6 || total
---------------------------+-------+-------++-------
  Melee: Flail             |    96 |    30 ||   126
 Armour: Scale mail        |    92 |     5 ||    97
         Chain mail        |       |    28 ||    28
  Dodge: Dodged            |    78 |    15 ||    93
  Block: Buckler           |    22 |     9 ||    31

Table legend: (Time is in decaauts)
 A = Elapsed time spent in this place.
 B = Non-inter-level travel time spent in this place.
 C = Inter-level travel time spent in this place.
 D = Time resting spent in this place.
 E = Time spent auto-exploring this place.
 F = Levels seen in this place.
 G = Mean time per level.
                   A        B        C        D        E       F      G
               +--------+--------+--------+--------+--------+-----+--------+
         Total |    920 |    897 |     23 |     75 |    531 |   2 |  460.0 |
       Dungeon |    920 |    897 |     23 |     75 |    531 |   2 |  460.0 |
               +--------+--------+--------+--------+--------+-----+--------+

Top non-repeatable levels by time:
     D:1: 676 daAuts
     D:2: 244 daAuts
